[Event "Live Chess"]
[Site "Chess.com"]
[Date "2024.06.02"]
[Round "-"]
[White "Grace6363"]
[Black "TheSmoulderingMaster"]
[Result "0-1"]
[WhiteElo "1132"]
[BlackElo "1764"]
[TimeControl "300"]
[EndTime "6:02:42 PDT"]
[Termination "TheSmoulderingMaster won by resignation"]

1. d4 Nf6 2. c4 d6 3. Nc3 g6 4. Nf3 Bg7 5. Bg5 O-O 6. e4 c6 7. e5 dxe5 8. dxe5 Ng4 9. Qxd8 Rxd8 10. Bxe7 Re8 11. Bd6 Nxe5 12. Nxe5 Bxe5 13. Bxe5 Rxe5+ 14. Be2 Na6 15. O-O Bf5 16. Rad1 Nb4 17. f4 Re3 18. a3 Nc2 19. Rf3 Rae8 20. Rxe3 Nxe3 21. Rd4 b5 22. cxb5 cxb5 23. Bxb5 Nc2 24. Bxe8 Nxd4 25. Bb5 Kf8 26. Nd5 Nxb5 0-1

[Event "Live Chess"]
[Site "Chess.com"]
[Date "2024.06.02"]
[Round "-"]
[White "Mikhail_Golubev"]
[Black "TC2304"]
[Result "1-0"]
[WhiteElo "2489"]
[BlackElo "2333"]
[TimeControl "300"]
[EndTime "6:03:12 PDT"]
[Termination "Mikhail_Golubev won by checkmate"]

1. e4 c5 2. Nf3 d6 3. d4 cxd4 4. Nxd4 Nf6 5. Nc3 a6 6. Bc4 e6 7.
O-O b5 8. Bb3 Be7 9. f4 Qc7 10.
f5 e5 11. Nf3 Nbd7 12. Nd5 Nxd5 13. Qxd5 Qa7+ 14. Kh1 O-O 15. Be3 Nf6 16. Qxf7+ Rxf7 17. Bxa7 Rxa7 18. Ng5 Bf8 19. a4 b4 20. c3 bxc3 21.
Rac1 h6 22. Nxf7 Rxf7 23. Rxc3 Bd7 24. Bxf7+ Kxf7 25. Rc7 Ke8 26. b4 Bxa4 27. Rfc1 Nxe4 28. Rc8+ Kf7 29. R1c7+ Be7 30. Ra8 Nf6 31. Rxa6 Be8 32. Raa7 Nd5 33. Rcb7 Bc6 34. Rb8 Ne3 35. b5 Bxg2+ 36. Kg1 d5 37. b6 Kf6 38. Rxe7 Kxe7 39.
b7 d4 40. Re8+ Kxe8 41. b8=Q+ Ke7 42. Qxe5+ Kf8 43. Qxd4 Nxf5 44. Qd8+ Kf7 45. Kxg2 Ne3+ 46. Kf3 Nf5 47. h4 Ne7 48. h5 Ng8 49. Kf4 Nf6 50. Kf5 Nxh5 51. Qd7+ Kg8 52. Qe8+ Kh7 53.
Qxh5 g6+ 54. Qxg6+ Kh8 55. Ke6 h5 56. Kf7 h4 57.
Qg8# 1-0

[Event "Live Chess"]
[Site "Chess.com"]
[Date "2024.06.02"]
[Round "-"]
[White "Mary_cool"]
[Black "Colm_Buckley"]
[Result "1-0"]
[WhiteElo "1992"]
[BlackElo "1875"]
[TimeControl "300"]
[EndTime "6:03:29 PDT"]
[Termination "Mary_cool won on time"]

1. d4 e6 2. c4 d5 3. Nf3 c5 4.
cxd5 exd5 5. g3 Nc6 6. Bg2 Nf6 7. O-O Be7 8. b3 O-O 9. dxc5 Bxc5 10. Bb2 d4 11.
Nbd2 d3 12. exd3 Qxd3 13. Bxf6 gxf6 14. Rc1 Ba3 15. Rc4 Ne5 16. Nxe5 fxe5 17. Be4 Qd6 18. Bxh7+ Kxh7 19. Rh4+ Kg7 20. Qh5 Qg6 21. Qxe5+ f6 22. Qc7+ Rf7 23. Qd8 Rf8 24. Qc7+ Rf7 25. Qd8 Rf8 26. Qa5 Be7 27. Re1 Rf7 28. Qc7 Bb4 29.
Qd8 Rf8 30. Qc7+ Rf7 31. Qd8 Rf8 32. Qd5 Rf7 33. Rxb4 Bf5 34. Rxb7 Rf8 35. Rxf7+ Rxf7 36. Nc4 Rd7 37. Qc6 Qf7 38. Nd6 Qg6 39. Nxf5+ Qxf5 40. Qe6 Qxe6 41. Rxe6 Rd1+ 42. Kg2 Rd7 43. h4 Kf7 44. Ra6 Kg6 45. g4 Rd4 46. Kg3 Rd3+ 47. f3 Rd7 48. g5 1-0

[Event "Live Chess"]
[Site "Chess.com"]
[Date "2024.06.02"]
[Round "-"]
[White "Queensandpawns"]
[Black "ukraineZelensky"]
[Result "1-0"]
[WhiteElo "2285"]
[BlackElo "1341"]
[TimeControl "300"]
[EndTime "6:03:36 PDT"]
[Termination "Queensandpawns won by resignation"]

1. e4 e5 2. d4 exd4 3. c3 d6 4. Nf3 Nf6 5. Bc4 Be7 6. O-O O-O 7. Re1 c6 8. cxd4 d5 9. exd5 cxd5 10. Bd3 Nc6 11. Nc3 h6 12. a3 Be6 13. Ne5 Kh8 14.
Bb1 Nxe5 15. dxe5 Ne4 16. Qd3 f5 17. exf6 Bxf6 18. Nxe4 dxe4 19. Qxe4 Bg8 20. Qg6 Qd4 21. Bxh6 Be5 22. Bxg7+ Bxg7 23. Qh5+ 1-0

[Event "Live Chess"]
[Site "Chess.com"]
[Date "2024.06.02"]
[Round "-"]
[White "Isambard_Thomas"]
[Black "resipsa6"]
[Result "1-0"]
[WhiteElo "2199"]
[BlackElo "2010"]
[TimeControl "300"]
[EndTime "6:03:46 PDT"]
[Termination "Isambard_Thomas won by resignation"]

1. d4 c6 2. Nf3 d5 3. Bg5 Nf6 4. e3 e6 5. Bd3 Be7 6. Nbd2 Nbd7 7. Qe2 Nf8 8. O-O-O Ng6 9. Kb1 a5 10. c3 b5 11. e4 dxe4 12. Nxe4 Nxe4 13. Bxe4 Bb7 14.
h4 Bxg5 15. Nxg5 Qc7 16. g3 h6 17. Nxe6 1-0

[Event "Live Chess"]
[Site "Chess.com"]
[Date "2024.06.02"]
[Round "-"]
[White "Dashman93"]
[Black "r0ad_t0-gm"]
[Result "0-1"]
[WhiteElo "2123"]
[BlackElo "2292"]
[TimeControl "300"]
[EndTime "6:03:49 PDT"]
[Termination "r0ad_t0-gm won by resignation"]

1. e4 Nf6 2. e5 Nd5 3. Nc3 e6 4. d4 d6 5. Nf3 dxe5 6. dxe5 Nxc3 7. Qxd8+ Kxd8 8. bxc3 b6 9. Bg5+ Be7 10. O-O-O+ Ke8 11.
Bb5+ Bd7 12. Bd3 h6 13. Be3 c5 14. Nd2 Bc6 15. Be4 f5 16. Bf3 g5 17. Nc4 Bxf3 18.
gxf3 Nc6 19. Nd6+ Kf8 20. f4 Rd8 21. fxg5 hxg5 22. f4 Rh3 23. Rd3 Bxd6 24. exd6 c4 0-1

[Event "Live Chess"]
[Site "Chess.com"]
[Date "2024.06.02"]
[Round "-"]
[White "juniortay"]
[Black "TJ-W"]
[Result "1-0"]
[WhiteElo "2352"]
[BlackElo "1575"]
[TimeControl "300"]
[EndTime "6:03:50 PDT"]
[Termination "juniortay won by resignation"]

1. e4 e5 2. Nf3 Nc6 3. d4 d6 4. Bb5 Bd7 5. d5 Nce7 6. Bd3 Nf6 7. c4 Ng6 8. Nc3 h6 9. O-O Be7 10. b4 c6 11. Be3 cxd5 12. cxd5 Nf4 13. Bxf4 exf4 14.
Rc1 g5 15. e5 dxe5 16. Nxe5 O-O 17. Re1 Bd6 18. a3 Re8 19. Nc4 Bc7 20. d6 Bb6 21.
Rxe8+ Qxe8 22. Qd2 Ng4 23. Nxb6 axb6 24. Re1 Qc8 25.
Nd5 Rxa3 26. Ne7+ 1-0

[Event "Live Chess"]
[Site "Chess.com"]
[Date "2024.06.02"]
[Round "-"]
[White "StoreySniper"]
[Black "MagnersCarlsberg2870"]
[Result "1-0"]
[WhiteElo "2500"]
[BlackElo "1739"]
[TimeControl "300"]
[EndTime "6:03:54 PDT"]
[Termination "StoreySniper won by resignation"]

1. e4 g6 2. h4 Bg7 3. h5 c5 4.
Bc4 e6 5. Nc3 Ne7 6. h6 Bxc3 7.
dxc3 d5 8. Bb5+ Bd7 9. Bxd7+ Nxd7 10. Qe2 dxe4 11. Qxe4 Nc6 12. Nf3 Qb6 13. b3 O-O-O 14. Bd2 f5 15. Qe2 e5 16. O-O-O e4 17. Ng5 Nde5 18. Be3 Qa5 19. Kb2 Ng4 20. Rxd8+ Rxd8 21. Nxh7 Nxe3 22. fxe3 Nb4 23. cxb4 cxb4 24. Ng5 Qe5+ 25. Kb1 Qc3 26. Qc4+ 1-0

[Event "Live Chess"]
[Site "Chess.com"]
[Date "2024.06.02"]
[Round "-"]
[White "dl_chess"]
[Black "Grace6363"]
[Result "1-0"]
[WhiteElo "1192"]
[BlackElo "1123"]
[TimeControl "300"]
[EndTime "6:03:55 PDT"]
[Termination "dl_chess won by resignation"]

1. e4 c5 2. Nf3 Nc6 3. d4 cxd4 4. Nxd4 g6 5. Nc3 Bg7 6. Be3 Nf6 7. Bb5 d6 8. Bxc6+ bxc6 9. Nxc6 Qb6 10. Bxb6 axb6 11. O-O 1-0

[Event "Live Chess"]
[Site "Chess.com"]
[Date "2024.06.02"]
[Round "-"]
[White "PavelChernomordik"]
[Black "TigerTank70"]
[Result "1-0"]
[WhiteElo "2507"]
[BlackElo "2207"]
[TimeControl "300"]
[EndTime "6:04:10 PDT"]
[Termination "PavelChernomordik won by resignation"]

1. e4 e5 2. Nf3 Nc6 3. Bb5 a6 4. Ba4 Nf6 5. d3 b5 6. Bb3 Be7 7. a4 Rb8 8. axb5 axb5 9. Nc3 O-O 10. Bg5 h6 11. Bh4 b4 12. Bxf6 bxc3 13. Bxe7 Nxe7 14. bxc3 Ng6 15. O-O d6 16. h3 Nf4 17.
Kh2 Qf6 18. Ng1 Kh8 19. g3 Ng6 20. Ra7 Rb7 21. Ra8 Qe7 22. Qh5 c6 23. f4 exf4 24.
gxf4 Rb5 25. Qe2 Qb7 26. Raa1 d5 27. f5 Qc7+ 28. Kh1 Ne5 29. d4 Nd7 30. e5 Nb6 31. f6 g6 32. Qe3 Kh7 33. Rf4 Qd7 34. Rh4 h5 35. Rxh5+ gxh5 36. Qg5 1-0

[Event "Live Chess"]
[Site "Chess.com"]
[Date "2024.06.02"]
[Round "-"]
[White "davigator"]
[Black "gobbles19"]
[Result "1-0"]
[WhiteElo "2361"]
[BlackElo "2242"]
[TimeControl "300"]
[EndTime "6:04:21 PDT"]
[Termination "davigator won by resignation"]

1. e4 Nf6 2. e5 Nd5 3. Nf3 d6 4. d4 g6 5. Bc4 Nb6 6. Bb3 Bg7 7. h3 O-O 8. Qe2 a5 9. a3 a4 10. Ba2 Nc6 11. O-O dxe5 12. dxe5 Nd4 13. Nxd4 Qxd4 14.
Re1 Bf5 15. Nc3 c6 16. Bg5 Qd7 17. Rad1 Qc7 18. g4 Be6 19. Bxe6 fxe6 20. Qe4 Nd5 21. Nxa4 h6 22. Bc1 Rxa4 23. Qxa4 Bxe5 24. Qe4 Bh2+ 25. Kh1 1-0

[Event "Live Chess"]
[Site "Chess.com"]
[Date "2024.06.02"]
[Round "-"]
[White "14141409"]
[Black "upoe610"]
[Result "1/2-1/2"]
[WhiteElo "2555"]
[BlackElo "2137"]
[TimeControl "300"]
[EndTime "6:04:23 PDT"]
[Termination "Game drawn by repetition"]

1. e4 e5 2. Nf3 Nc6 3. Nc3 Nf6 4.
d4 exd4 5. Nxd4 Bb4 6. Nxc6 bxc6 7. Bd3 d5 8. O-O O-O 9. exd5 Bg4 10. f3 Bh5 11.
dxc6 Qd4+ 12. Kh1 Bxc3 13. bxc3 Qxc3 14. Bd2 Qxc6 15. Bg5 Bg6 16. Qe2 Rfe8 17. Qf2 Bxd3 18.
cxd3 Rad8 19. Rfe1 Rxe1+ 20. Rxe1 h6 21. Bxf6 Qxf6 22.
Qxa7 Rxd3 23. Qxc7 Kh7 24. Qc2 Qg6 25. Rd1 Rxd1+ 26.
Qxd1 Qa6 27. Qb1+ g6 28. h3 h5 29. Qb3 Qf6 30. a4 Qa1+ 31. Kh2 Qe5+ 32. f4 Qxf4+ 33.
Kg1 Qd4+ 34. Kf1 Qa1+ 35. Kf2 Qd4+ 36. Kf3 Qf6+ 37. Ke2 Qe5+ 38. Qe3 Qb2+ 39. Kf3 Qb7+ 40. Kg3 Qc7+ 41. Qf4 Qc3+ 42. Kh2 Kg7 43. Qd6 Qa5 44. Qd1 Qe5+ 45. Kh1 Qa5 46. Qa1+ f6 47. Qd1 Kh6 48. Qc1+ g5 49. Qf1 Kg6 50. Qb5 Qe1+ 51. Kh2 h4 52. Qd3+ Kh6 53. Qd6 Kg6 54. Qd3+ Kh6 55. Qd6 Kg6 56.
Qd3+ 1/2-1/2

[Event "Live Chess"]
[Site "Chess.com"]
[Date "2024.06.02"]
[Round "-"]
[White "yarek"]
[Black "vincents82"]
[Result "0-1"]
[WhiteElo "1754"]
[BlackElo "1992"]
[TimeControl "300"]
[EndTime "6:04:24 PDT"]
[Termination "vincents82 won on time"]

1. e4 d5 2. Nf3 dxe4 3. Ng5 Nf6 4. Bc4 e6 5. Nc3 Nbd7 6. Ngxe4 Nxe4 7. Nxe4 Be7 8. d4 O-O 9. O-O b6 10. Qh5 Nf6 11. Nxf6+ Bxf6 12. c3 Bb7 13. Bd3 g6 14. Qg4 c5 15. Be3 Qd5 16. f3 cxd4 17. cxd4 Rfd8 18.
Be4 Qd7 19. Rfd1 Bg7 20. h4 h5 21. Qg3 Bd5 22. b3 Rac8 23. Bd3 Rc3 24. Qf2 Bb7 25.
Bc4 Rxe3 26. Qxe3 Bxd4 27. Rxd4 Qxd4 28. Qxd4 Rxd4 29. Kf2 Rxh4 30. Rd1 Kg7 31. Rd7 Bd5 32. Bxd5 exd5 33. Rxd5 Rb4 34. Rd7 a5 35. Rd6 g5 36.
Ke3 f6 37. Rc6 Kg6 38. Rd6 h4 39. Rc6 Kf5 40. Rd6 Ke5 41. Rc6 f5 42. Rc8 g4 43.
Re8+ Kf6 44. Rf8+ Ke6 45. Re8+ Kf7 46. Rh8 gxf3 47. Kxf3 a4 48. bxa4 Rxa4 49. Rh5 Kg6 50. Rh8 Ra3+ 51. Kf4 Rxa2 52. Rg8+ Kf7 53. Rb8 Rxg2 54.
Kxf5 Rb2 55. Rb7+ Ke8 56. Ke6 Kd8 57. Rh7 Rb4 58. Kd6 Kc8 59. Kc6 Kb8 60. Rh8+ Ka7 61. Rh7+ Ka6 62. Rh8 Rc4+ 63. Kd5 Rc5+ 64. Kd4 Kb5 0-1

[Event "Live Chess"]
[Site "Chess.com"]
[Date "2024.06.02"]
[Round "-"]
[White "degringolade64"]
[Black "Tatarinov_Maxim"]
[Result "1/2-1/2"]
[WhiteElo "2121"]
[BlackElo "2281"]
[TimeControl "300"]
[EndTime "6:04:52 PDT"]
[Termination "Game drawn - insufficient material"]

1. e4 c5 2. Nf3 Nc6 3. Bb5 Qb6 4. Bxc6 Qxc6 5. O-O d6 6. Re1 e6 7. d4 cxd4 8. Nxd4 Qd7 9. Nc3 Be7 10. f4 Nf6 11. f5 O-O 12. fxe6 fxe6 13. Bg5 a6 14. Kh1 Qe8 15. e5 dxe5 16. Rxe5 Qg6 17. Nxe6 Bxe6 18. Rxe6 Qxg5 19. Rxe7 Ng4 20. Qd5+ Qxd5 21. Nxd5 Rad8 22. Nc7 Rd2 23. Ne6 Re2 24. Rxg7+ Kh8 25. Rxg4 Rxe6 26. Rd1 Re2 27. h4 Rxc2 28. Rd7 Rxb2 29. Rgg7 Rff2 30.
Rxh7+ Kg8 31. Rdg7+ Kf8 32. Rxb7 Rxb7 33. Rxb7 Rxa2 34.
Ra7 Ra4 35. g3 Ra2 36. Kg1 a5 37. h5 Kg8 38. h6 Ra3 39. Kf2 a4 40. g4 Rh3 41. g5 a3 42. Kg2 Rh5 43. Ra8+ Kh7 44. Rxa3 Rxg5+ 45. Kf3 Kxh6 46. Ra6+ Rg6 47. Rxg6+ Kxg6 1/2-1/2

[Event "Live Chess"]
[Site "Chess.com"]
[Date "2024.06.02"]
[Round "-"]
[White "CarmelJane"]
[Black "Konovka_Ukraine"]
[Result "0-1"]
[WhiteElo "1991"]
[BlackElo "1750"]
[TimeControl "300"]
[EndTime "6:04:57 PDT"]
[Termination "Konovka_Ukraine won by resignation"]

1. e4 c6 2. Nc3 d5 3. Nf3 dxe4 4. Nxe4 Nd7 5. Qe2 e6 6. d4 Ngf6 7. Bg5 Be7 8. Nxf6+ Nxf6 9. Bxf6 Bxf6 10. c3 b6 11. g3 Bb7 12. Bg2 O-O 13. O-O Rc8 14. Ne5 Bxe5 15. Qxe5 c5 16. Bxb7 Rc7 17. Bg2 cxd4 18.
cxd4 Rd7 19. Rfd1 Qc8 20. Rac1 Qa6 21. a3 g6 22. Bc6 Rdd8 23. Bb5 Qb7 24. Rc7 Qf3 25.
Rdc1 Rd5 26. Qe3 Qxe3 27. fxe3 Rxb5 28. Rxa7 Rxb2 29. Rac7 Rb3 30. R1c3 Rb2 31. Rc2 Rb3 32. R7c3 Rb5 33. Kf2 Ra8 34. Rc8+ Rxc8 35. Rxc8+ Kg7 36. Kf3 Rb3 37. Rb8 b5 38. a4 bxa4 39. Ra8 a3 40. Ke4 h5 41. h4 f5+ 42. Kf4 Kf7 43. e4 fxe4 44. Kxe4 Rxg3 45. Ke5 Re3+ 46. Kd6 Re4 47. Rxa3 Rxd4+ 48. Ke5 Rd5+ 49. Kf4 Kf6 50.
Ra8 Rd4+ 51. Kg3 Rg4+ 52. Kh3 e5 0-1

[Event "Live Chess"]
[Site "Chess.com"]
[Date "2024.06.02"]
[Round "-"]
[White "NAZRIZ1977"]
[Black "McFim"]
[Result "0-1"]
[WhiteElo "2086"]
[BlackElo "1747"]
[TimeControl "300"]
[EndTime "6:05:04 PDT"]
[Termination "McFim won by resignation"]

1. d4 d5 2. Nf3 c6 3. e3 a6 4. c4 Nf6 5. Nc3 e6 6. Bd3 Bd6 7. O-O O-O 8. e4 dxe4 9. Nxe4 Nxe4 10. Bxe4 Nd7 11. Bg5 Be7 12. Bf4 Nf6 13. Bc2 h6 14. Qd2 Nh7 15. Bxh6 gxh6 16. Qxh6 f5 17. Ne5 Bf6 18. Rfe1 Bg7 19. Qh3 Qxd4 20. Rad1 Qxb2 21. Ng6 Re8 22. Bxf5 Qf6 23. Bb1 e5 24. Qg3 Bf5 25. Bxf5 Qxf5 26. Rd7 Qxd7 0-1

[Event "Live Chess"]
[Site "Chess.com"]
[Date "2024.06.02"]
[Round "-"]
[White "imchessive"]
[Black "Ferrarifan27"]
[Result "0-1"]
[WhiteElo "1589"]
[BlackElo "2146"]
[TimeControl "300"]
[EndTime "6:06:12 PDT"]
[Termination "Ferrarifan27 won by checkmate"]

1. d4 Nf6 2. c4 e6 3. Nf3 b6 4. g3 Bb7 5. Bg2 Be7 6. Nc3 O-O 7. O-O d5 8. Ne5 c6 9. Qa4 Nfd7 10. cxd5 Nxe5 11. dxe5 cxd5 12. Be3 Nc6 13. Rfd1 Nxe5 14. Bf4 Ng6 15. Nb5 Nxf4 16. Qxf4 a6 17. Nd4 Bd6 18. Qg4 Qe7 19. Rac1 Rac8 20. a3 Rxc1 21. Rxc1 Rc8 22. Rxc8+ Bxc8 23. Bxd5 f5 24. Nxf5 Qc7 25. Nh6+ Kh8 26.
Bxe6 Bxe6 27. Qxe6 gxh6 28. Qxh6 Be5 29. f4 Bg7 30. Qe6 Qd8 31. b4 a5 32. e4 axb4 33.
axb4 Bc3 34. f5 Qd4+ 35. Kg2 Qf6 36. Qe8+ Kg7 37. Qd7+ Qf7 38. Qc6 Bd4 39. Kf3 Qb3+ 40. Kf4 Qe3+ 41. Kg4 Qe2+ 42. Kh3 Qh5+ 43. Kg2 Qf7 44.
g4 Qa2+ 45. Kf3 Qf2# 0-1

[Event "Live Chess"]
[Site "Chess.com"]
[Date "2024.06.02"]
[Round "-"]
[White "MagnersCarlsberg2870"]
[Black "Queensandpawns"]
[Result "0-1"]
[WhiteElo "1738"]
[BlackElo "2286"]
[TimeControl "300"]
[EndTime "6:06:12 PDT"]
[Termination "Queensandpawns won by resignation"]

1. Nf3 e5 2. Nxe5 Nc6 3. Nxc6 dxc6 4. e4 Nf6 5. Nc3 Bc5 6. Bc4 Qd4 7. Qe2 Ng4 8. O-O Qe5 9. g3 h5 10. Na4 h4 11. Nxc5 Qxc5 12. d3 hxg3 13. hxg3 Qh5 0-1

[Event "Live Chess"]
[Site "Chess.com"]
[Date "2024.06.02"]
[Round "-"]
[White "Pablo_dmp"]
[Black "agamilewska"]
[Result "0-1"]
[WhiteElo "1980"]
[BlackElo "1781"]
[TimeControl "300"]
[EndTime "6:06:38 PDT"]
[Termination "agamilewska won by resignation"]

1. e4 e5 2. Nf3 Nc6 3. Bc4 Bc5 4. c3 h6 5. d4 exd4 6. cxd4 Bb4+ 7. Bd2 Bxd2+ 8.
Nbxd2 Nf6 9. e5 Nh7 10. O-O O-O 11. Bd3 d5 12. Rc1 Bg4 13. h3 Bh5 14. Qe2 Ng5 15. g4 Nxf3+ 16. Nxf3 Bg6 17. Bxg6 fxg6 18. Qd3 Kh7 19. Nh4 Qxh4 20. f4 Rac8 21. f5 gxf5 22.
Rxf5 Kg8 23. Rcf1 Rxf5 24. Qxf5 Qg3+ 25. Kh1 Rd8 26. e6 Qxh3+ 27. Kg1 Qg3+ 28. Kh1 Qh4+ 29.
Kg1 Qe7 30. a3 Nxd4 31. Qg6 Ne2+ 32. Kg2 Rf8 33. Rf5 Nf4+ 34. Rxf4 Rxf4 0-1

[Event "Live Chess"]
[Site "Chess.com"]
[Date "2024.06.02"]
[Round "-"]
[White "PavelChernomordik"]
[Black "booktrunk"]
[Result "1-0"]
[WhiteElo "2507"]
[BlackElo "1494"]
[TimeControl "300"]
[EndTime "6:06:39 PDT"]
[Termination "PavelChernomordik won by resignation"]

1. e4 b6 2. d4 h6 3. c4 Bb7 4. Nc3 e6 5. d5 exd5 6. cxd5 Nf6 7. e5 Nh7 8. Qh5 Be7 9. f4 d6 10.
Be3 dxe5 11. fxe5 Bxd5 12. O-O-O O-O 13. Nxd5 1-0

[Event "Live Chess"]
[Site "Chess.com"]
[Date "2024.06.02"]
[Round "-"]
[White "IgorSchukin"]
[Black "oscalik"]
[Result "1/2-1/2"]
[WhiteElo "1786"]
[BlackElo "2233"]
[TimeControl "300"]
[EndTime "6:06:56 PDT"]
[Termination "Game drawn by repetition"]

1. e4 c5 2. a3 Nf6 3. Nc3 e6 4. Nf3 d5 5. e5 Nfd7 6. Bb5 Be7 7. O-O O-O 8. Re1 a6 9. Bxd7 Bxd7 10.
d4 Nc6 11. Ne2 f6 12. exf6 Bxf6 13. dxc5 b6 14. Ned4 Nxd4 15. Nxd4 bxc5 16. Nxe6 Bxe6 17. Rxe6 d4 18. Qd3 Qd5 19. Qe4 Qxe4 20. Rxe4 Rfe8 21.
Rxe8+ Rxe8 22. Bf4 Re2 23. Rc1 c4 24. Kf1 d3 25. cxd3 cxd3 26. Rd1 Re4 27. Be3 Bxb2 28. Rxd3 Ra4 29. Bc5 Kf7 30. Ke2 Ke6 31. g4 Rxg4 32. Rd6+ Ke5 33. Rxa6 Rc4 34. Be3 Rc3 35. a4 Ra3 36.
f4+ Ke4 37. Re6+ Kf5 38. Ra6 Ke4 39. Bc5 Rh3 40. Bg1 Kxf4 41. Rb6 Be5 42. Rb4+ Kf5 43.
a5 Ra3 44. Rb5 Ke4 45. Rb4+ Kf5 46. Rb5 Ke4 47. Rb4+ Kf5 1/2-1/2

[Event "Live Chess"]
[Site "Chess.com"]
[Date "2024.06.02"]
[Round "-"]
[White "McCarthyStone"]
[Black "CheckThis4"]
[Result "1/2-1/2"]
[WhiteElo "2484"]
[BlackElo "2685"]
[TimeControl "300"]
[EndTime "6:06:56 PDT"]
[Termination "Game drawn by agreement"]

1. b3 d5 2. Bb2 Nf6 3. Nf3 g6 4. g3 Bg7 5. Bg2 O-O 6. O-O c5 7. d3 Nc6 8. Ne5 Nxe5 9. Bxe5 Be6 10. c4 Qd7 11. Nd2 Bh3 12. Nf3 Bxg2 13. Kxg2 Rad8 14. Qc2 b6 15. Rfc1 d4 16. b4 Bh6 17. Rcb1 Ng4 18.
bxc5 bxc5 19. h3 Nxe5 20. Nxe5 Qe6 21. Nf3 Rb8 1/2-1/2

[Event "Live Chess"]
[Site "Chess.com"]
[Date "2024.06.02"]
[Round "-"]
[White "SavagePawn7"]
[Black "Victor_Bondar"]
[Result "0-1"]
[WhiteElo "678"]
[BlackElo "1470"]
[TimeControl "300"]
[EndTime "6:07:06 PDT"]
[Termination "Victor_Bondar won on time"]

1. e4 d5 2. exd5 Qxd5 3. Nc3 Qa5 4. Nf3 Nf6 5. d4 Bg4 6. Be2 c6 7. h3 Bf5 8. Bd3 Bg6 9. O-O e6 10.
a3 Bd6 11. Bg5 Qc7 12. Ne5 Nbd7 13. Nxg6 hxg6 14. Ne4 Bh2+ 15. Kh1 Bf4 16. Bxf4 Qxf4 17. Nxf6+ Nxf6 18. Kg1 O-O-O 19. c3 e5 20. g3 Qh6 21. h4 e4 22. Bc2 g5 23. f3 gxh4 24. g4 Qf4 25.
fxe4 Qg3+ 26. Kh1 Qh3+ 27. Kg1 Nxg4 0-1

[Event "Live Chess"]
[Site "Chess.com"]
[Date "2024.06.02"]
[Round "-"]
[White "bobby_jamesFischer86"]
[Black "megabusyman"]
[Result "0-1"]
[WhiteElo "1631"]
[BlackElo "1877"]
[TimeControl "300"]
[EndTime "6:07:19 PDT"]
[Termination "megabusyman won by checkmate"]

1. d4 d5 2. c4 Nf6 3. Nc3 e6 4. e3 Bb4 5. cxd5 exd5 6. a3 Bxc3+ 7. bxc3 c6 8. c4 Be6 9. cxd5 Nxd5 10. Nf3 O-O 11. Qc2 Nd7 12. Bd3 h6 13. O-O c5 14.
Bb2 Rc8 15. Qe2 N5b6 16. dxc5 Nxc5 17. Bc2 Bc4 18. Qd1 Bxf1 19. Qxf1 Nca4 20. Rd1 Qe7 21. Bxa4 Nxa4 22. Bc1 Nc3 23. Rd4 Rfd8 24. Bb2 Rxd4 25. Nxd4 Qc5 26. h3 Qc4 27. Qa1 Na4 28. Kh2 Nxb2 29.
Qxb2 b6 30. Nb5 Qc6 31. g3 Qc2 32. Qd4 Qxf2+ 33. Kh1 Rc1+ 34. Qd1 Rxd1# 0-1

[Event "Live Chess"]
[Site "Chess.com"]
[Date "2024.06.02"]
[Round "-"]
[White "Dhaydon19"]
[Black "nitrofish07"]
[Result "1-0"]
[WhiteElo "2654"]
[BlackElo "2061"]
[TimeControl "300"]
[EndTime "6:07:19 PDT"]
[Termination "Dhaydon19 won by resignation"]

1. Nf3 d5 2. e3 Nf6 3. b3 c6 4. Bb2 Bg4 5. Be2 e6 6. O-O Be7 7. c4 O-O 8. Nc3 Nbd7 9. h3 Bh5 10.
d4 a5 11. Rc1 Rc8 12. Na4 Re8 13. Ne5 Bxe2 14. Qxe2 Nxe5 15. dxe5 Ne4 16. Rfd1 Qc7 17.
Qg4 Nc5 18. Nxc5 Bxc5 19. cxd5 cxd5 20. Rc2 Qd7 21. Rdc1 Bf8 22. Qa4 Qxa4 23. bxa4 Rxc2 24. Rxc2 Rb8 25. Bd4 b5 26. axb5 Rxb5 27. Rc8 g6 28. a4 Rb1+ 29. Kh2 Kg7 30. Ra8 Bb4 31. Rc8 Be1 32. Rc2 Rb4 33. Re2 Rb1 34. Ra2 h5 35. Kg3 Bb4 36. Kf3 Be7 37. Rb2 Ra1 38. Rb7 Bb4 39. Bxa1 1-0

[Event "Live Chess"]
[Site "Chess.com"]
[Date "2024.06.02"]
[Round "-"]
[White "vincents82"]
[Black "bonantagulo"]
[Result "0-1"]
[WhiteElo "1989"]
[BlackElo "2234"]
[TimeControl "300"]
[EndTime "6:07:31 PDT"]
[Termination "bonantagulo won by resignation"]

1. e4 c5 2. Nf3 e6 3. d4 cxd4 4. Nxd4 Nc6 5. Nc3 Qc7 6. g3 a6 7. Bg2 Nf6 8. O-O Nxd4 9. Qxd4 Bc5 10. Bf4 d6 11. Qd3 h6 12. Rad1 e5 13. Be3 Bxe3 14.
Qxe3 Be6 15. Qd3 Rd8 16. Qd5 Nxd5 0-1

[Event "Live Chess"]
[Site "Chess.com"]
[Date "2024.06.02"]
[Round "-"]
[White "FlyingChessKestrel13"]
[Black "LL220284LL"]
[Result "0-1"]
[WhiteElo "2081"]
[BlackElo "2497"]
[TimeControl "300"]
[EndTime "6:07:32 PDT"]
[Termination "LL220284LL won by resignation"]

1. Nf3 c6 2. d4 g6 3. c4 Bg7 4. Nc3 d6 5. Bf4 Nf6 6. e3 Nbd7 7. Bd3 O-O 8. Qc2 Qe8 9. Bg5 e5 10. Bxf6 Nxf6 11. dxe5 dxe5 12. O-O-O Bg4 13. h3 Bxf3 14. gxf3 Rd8 15. h4 Nh5 16. Be2 Qe7 17. f4 Rxd1+ 18. Bxd1 exf4 19. Bxh5 gxh5 20. exf4 Re8 21. Qd1 Qb4 22.
Rg1 Kf8 23. a3 Qc5 24. Rg5 Qxf2 25. Qd6+ Kg8 26. Qf6 Re1+ 27. Nd1 Qe3+ 28. Kc2 Re2+ 29. Kb1 Qd3+ 30. Ka2 Qxc4+ 31. Kb1 Qd3+ 32. Ka2 Qd5+ 33. Kb1 Qxd1+ 34. Ka2 Qd5+ 35. Kb1 Re1+ 36. Kc2 Qd1+ 37. Kc3 Re3+ 38. Kc4 Qb3+ 39. Kd4 Qxb2+ 40. Kxe3 Qxf6 0-1

[Event "Live Chess"]
[Site "Chess.com"]
[Date "2024.06.02"]
[Round "-"]
[White "juniortay"]
[Black "Colm_Buckley"]
[Result "1-0"]
[WhiteElo "2353"]
[BlackElo "1874"]
[TimeControl "300"]
[EndTime "6:07:45 PDT"]
[Termination "juniortay won by checkmate"]

1. e4 e6 2. Nc3 d5 3. Nf3 dxe4 4. Nxe4 b6 5. d4 Bb7 6. Bd3 Nd7 7. O-O Ngf6 8. Neg5 h6 9. Nxe6 fxe6 10. Bg6+ Ke7 11. Re1 Nb8 12. Qe2 Qd6 13. Bf4 Qc6 14. c4 Kd8 15. d5 exd5 16. cxd5 Nxd5 17. Ne5 Qf6 18. Nf7+ Kc8 19. Qe8+ Qd8 20. Qxd8# 1-0

[Event "Live Chess"]
[Site "Chess.com"]
[Date "2024.06.02"]
[Round "-"]
[White "seasidecastle27"]
[Black "KyryloPoluliakh"]
[Result "1-0"]
[WhiteElo "1944"]
[BlackElo "1529"]
[TimeControl "300"]
[EndTime "6:08:01 PDT"]
[Termination "seasidecastle27 won by resignation"]

1. d4 Nf6 2. Nf3 g6 3. Bg5 Bg7 4. Nbd2 O-O 5. e4 d6 6. Bd3 Nc6 7. c3 e5 8. d5 Ne7 9. Qe2 Ne8 10.
h4 f6 11. Be3 f5 12. exf5 gxf5 13. Bg5 e4 14. O-O-O exd3 15. Qxe7 Qxe7 16. Bxe7 Rf7 17. Rde1 Nf6 18. Ng5 Rxe7 19. Rxe7 Nxd5 20. Re8+ Bf8 21.
Rhe1 h6 22. Ne6 Bxe6 23. Rxa8 Nf4 24. g3 Ne2+ 25. Kd1 Bxa2 26. Rxe2 dxe2+ 27. Kxe2 Bd5 28. Nf3 a6 29. Nd4 Kf7 30. Nxf5 Be6 31. Ne3 Bg7 32. Rb8 b6 33. Rb7 Be5 34. Rxc7+ Kf6 35. f4 d5 36. fxe5+ Kxe5 37. Rb7 1-0

[Event "Live Chess"]
[Site "Chess.com"]
[Date "2024.06.02"]
[Round "-"]
[White "Crowded_House"]
[Black "ZombieChainsaw"]
[Result "0-1"]
[WhiteElo "1627"]
[BlackElo "1798"]
[TimeControl "300"]
[EndTime "6:08:05 PDT"]
[Termination "ZombieChainsaw won by resignation"]

1. d4 g6 2. Bg5 h6 3. Bh4 Bg7 4. c3 Nf6 5. e3 O-O 6. Nf3 d6 7. Bd3 Nbd7 8. Nbd2 c6 9. Qc2 Qe8 10. O-O e5 11. dxe5 Nxe5 12. Nxe5 dxe5 13. Ne4 Nxe4 14.
Bxe4 f5 15. Bd3 Be6 16. f3 g5 17.
Bf2 Qh5 18. Qe2 Rad8 19. Bc4 Qg6 20. Rfd1 b5 21. Bb3 Qf7 22. Bxe6 Qxe6 23. Rxd8 Rxd8 24.
a3 Qd5 25. Be1 a6 26. Rc1 e4 27. fxe4 fxe4 28. Rc2 Qd3 29. Rd2 Qxe2 30. Rxe2 Be5 31.
Rd2 Rxd2 32. Bxd2 Kf7 33. h3 Ke6 34. Kf2 Kd5 35. b3 a5 36. g4 a4 37. bxa4 bxa4 38.
Ke2 Kc4 39. Kd1 Bxc3 40. Kc2 Bxd2 41. Kxd2 Kb3 42. Kc1 Kc3 43. Kb1 Kd2 44. Kb2 c5 45. Ka2 c4 46. Kb2 c3+ 47. Kb1 0-1